CAROLINA Hurricanes vs PITTSBURGH Penguins

Created - 29 février 2024 at 16:11

Goals
1 2 3 T
CAROLINA Hurricanes 2 1 3 6
PITTSBURGH Penguins 1 1 0 2
Shots
1 2 3 T
CAROLINA Hurricanes 10 12 18 40
PITTSBURGH Penguins 7 10 6 23

1st period

1. CAROLINA Hurricanes , Brady Tkachuk 8 (Devon Toews 18, Kris Letang 12) at 1:22
2. PITTSBURGH Penguins , Evgeni Malkin 8 (Thomas Chabot 12, Brandon Carlo 14) at 6:15
3. CAROLINA Hurricanes , Mika Zibanejad 17 (Adam Fox 34) at 15:24

Penalties :
Gabriel Vilardi (PIT) for Slashing (Minor) at 3:13, Blake Lizotte (CAR) for Slashing (Minor) at 10:14, William Nylander (CAR) for Tripping (Minor) at 19:19

2nd period

4. CAROLINA Hurricanes , Elias Pettersson 9 (William Nylander 14, Brandon Montour 13) at 6:48
5. PITTSBURGH Penguins , Jordan Kyrou 12 (Barclay Goodrow 13, Nate Schmidt 12) at 19:57 (PP)

Penalties :
Robert Bortuzzo (PIT) for Interference (Minor) at 10:05, William Nylander (CAR) for Tripping (Minor) at 19:20, Patrik Laine (PIT) for Delaying the game (Minor) at 19:58

3rd period

6. CAROLINA Hurricanes , Mika Zibanejad 18 (William Nylander 15, Adam Fox 35) at 3:50
7. CAROLINA Hurricanes , William Nylander 12 (Devon Toews 19, Mika Zibanejad 21) at 15:35 (PP)
8. CAROLINA Hurricanes , Brady Tkachuk 9 (Nazem Kadri 7, Devon Toews 20) at 17:48

Penalties :
Adam Pelech (PIT) for High sticking (Minor) at 4:53, Jordan Staal (PIT) for Hooking (Minor) at 9:08, Brandon Carlo (PIT) for Slashing (Minor) at 12:27, Thomas Chabot (PIT) for High sticking (Minor) at 15:14, Kris Letang (CAR) for Slashing (Double Minor) at 19:30

Goalie Stats

Alexandar Georgiev (CAR), 21 saves from 23 shots - (0,913), W, 20-11-2, 60:00 minutes
Cam Talbot (PIT), 34 saves from 40 shots - (0,850), L, 13-12-2, 60:00 minutes

Players Stats for CAROLINA Hurricanes

Player Name              G  A  P  +/- PIM S  H  SB GA TA FO     MP     PP MP  PK MP  
------------------------------------------------------------------------------------
Adam Fox                 0  2  2   2  0   4  0  1  0  0  0/0    23:49   6:06   2:31 
Blake Lizotte            0  0  0   0  2   0  3  1  0  0  5/11   10:53   0:00   0:00 
Brady Tkachuk            2  0  2   2  0   3  3  0  0  0  1/1    17:22   6:24   0:00 
Brandon Montour          0  1  1   2  0   3  6  0  0  0  0/0    21:18   6:06   0:00 
David Perron             0  0  0   0  0   1  0  0  0  0  0/1    10:54   0:00   0:00 
Derek Ryan               0  0  0   0  0   1  0  0  0  0  5/6     8:39   0:42   0:57 
Devon Toews              0  3  3   2  0   1  2  2  0  0  0/0    21:30   6:09   3:00 
Elias Pettersson         1  0  1   2  0   6  2  0  0  0  3/8    22:27   4:53   3:45 
Evgeny Svechnikov        0  0  0   0  0   0  0  0  0  0  0/0     7:00   0:00   0:00 
Filip Forsberg           0  0  0   0  0   2  1  0  0  0  0/1    16:51   5:35   0:22 
Kris Letang              0  1  1   2  4   0  2  0  0  0  0/0    20:33   6:09   2:04 
Mika Zibanejad           2  1  3   2  0   9  1  0  0  0  18/36  24:14   6:40   3:45 
Nazem Kadri              0  1  1   2  0   2  0  0  0  0  6/13   11:36   0:16   0:22 
Niko Mikkola             0  0  0   0  0   0  1  2  0  0  0/0    15:08   0:00   0:00 
Noah Cates               0  0  0   0  0   2  1  0  0  0  0/1     7:57   0:00   0:57 
Rasmus Ristolainen       0  0  0   0  0   0  3  1  0  0  0/0    17:41   0:00   2:33 
Travis Konecny           0  0  0   2  0   3  3  0  0  0  1/1    16:33   5:35   0:00 
William Nylander         1  2  3   2  4   3  0  0  0  0  0/1    20:27   6:40   0:00 

Players Stats for PITTSBURGH Penguins

Player Name              G  A  P  +/- PIM S  H  SB GA TA FO     MP     PP MP  PK MP  
------------------------------------------------------------------------------------
Adam Pelech              0  0  0  -3  2   1  0  3  0  0  0/0    22:45   2:47   5:00 
Alexander Volkov         0  0  0   0  0   0  0  0  0  0  0/0     8:05   0:00   0:54 
Barclay Goodrow          0  1  1   0  0   2  3  2  0  0  7/13   15:14   2:19   4:00 
Brandon Carlo            0  1  1   0  2   0  0  2  0  0  0/0    20:31   0:00   5:12 
Connor Clifton           0  0  0  -3  0   1  1  0  0  0  0/0    15:22   0:00   1:26 
Evgeni Malkin            1  0  1  -1  0   2  3  0  0  0  21/42  23:59   2:45   7:21 
Gabriel Vilardi          0  0  0   0  2   0  0  0  0  0  1/6     7:10   0:00   0:00 
Jake Guentzel            0  0  0  -3  0   3  2  0  0  0  2/2    19:27   2:45   4:00 
Jason Robertson          0  0  0  -1  0   4  1  0  0  0  0/1    23:59   2:45   7:21 
Jesse Puljujarvi         0  0  0   0  0   0  0  0  0  0  1/1     8:55   0:00   0:00 
Jordan Kyrou             1  0  1  -1  0   5  0  0  0  0  1/1    16:12   2:19   0:00 
Jordan Staal             0  0  0  -3  2   1  0  0  0  0  7/11   12:41   0:00   0:00 
Nate Schmidt             0  1  1  -1  0   0  0  1  0  0  0/0    22:09   2:47   7:00 
Patrik Laine             0  0  0  -3  2   1  0  0  0  0  0/1    15:52   2:17   0:54 
Robert Bortuzzo          0  0  0  -1  2   0  3  0  0  0  0/0    12:47   0:00   0:26 
Tanner Pearson           0  0  0   0  0   1  0  0  0  0  1/1    11:14   2:19   0:00 
Thomas Chabot            0  1  1   0  2   1  2  1  0  0  0/0    24:05   2:17   5:26 
Yakov Trenin             0  0  0   0  0   1  0  0  0  0  0/1     7:11   0:00   0:00 

3 Stars

1 - Mika Zibanejad (CAR)
2 - Brady Tkachuk (CAR)
3 - Devon Toews (CAR)

Power Play

CAROLINA Hurricanes - 1 on 7 Attempt(s) - 14,29%
PITTSBURGH Penguins - 1 on 5 Attempt(s) - 20,00%

Penalty Kill

CAROLINA Hurricanes - 4 on 5 Attempt(s) - 80,00% - Score 0 goal in Penalty Kill
PITTSBURGH Penguins - 6 on 7 Attempt(s) - 85,71% - Score 0 goal in Penalty Kill

Team Stat

CAROLINA Hurricanes - Hits : 28 - Faceoff Wins : 39 - Blocked Shots : 7 - Penalty Minutes : 10
PITTSBURGH Penguins - Hits : 15 - Faceoff Wins : 41 - Blocked Shots : 9 - Penalty Minutes : 14

Official

Referees : Anna Wiegand and Dan O'Rourke
Linesman : Jenni Heikkinen and Matt MacPherson

Game Notes

No Game Note

Finance

Level 1 -- Attendance: 4897 (81,62%) -- Ticket Income $489,700
Level 2 -- Attendance: 4457 (89,14%) -- Ticket Income $267,420
Level 3 -- Attendance: 2000 (100,00%) -- Ticket Income $70,000
Level 4 -- Attendance: 4000 (100,00%) -- Ticket Income $80,000
Luxury Box -- Attendance: 843 (84,30%) -- Ticket Income $168,600
Game was played at the Consol Energy Center.
Total Attendance: 16197 (89,98%)
Total Ticket Income: $1,075,720
Other Income: $268,930
Total Income: $1,344,650

CAROLINA Hurricanes

5 vs 5 Forward 
   Center                   Left Wing                Right Wing               Time % Phy DF OF 
 1 Mika Zibanejad           Elias Pettersson         William Nylander         40     1   2  2  
 2 Nazem Kadri              Brady Tkachuk            Travis Konecny           30     1   2  2  
 3 Blake Lizotte            Filip Forsberg           David Perron             20     1   2  2  
 4 Derek Ryan               Noah Cates               Evgeny Svechnikov        10     1   2  2  

5 vs 5 Defense 
   Defense                  Defense                                           Time % Phy DF OF 
 1 Adam Fox                 Brandon Montour                                   40     1   2  2  
 2 Kris Letang              Devon Toews                                       30     1   2  2  
 3 Rasmus Ristolainen       Niko Mikkola                                      20     1   2  2  
 4 Adam Fox                 Brandon Montour                                   10     1   2  2  

PowerPlay Forward 
   Center                   Left Wing                Right Wing               Time % Phy DF OF 
 1 Mika Zibanejad           Brady Tkachuk            William Nylander         60     1   2  2  
 2 Elias Pettersson         Filip Forsberg           Travis Konecny           40     1   2  2  

PowerPlay Defense
   Defense                  Defense                                           Time % Phy DF OF 
 1 Adam Fox                 Brandon Montour                                   60     1   2  2  
 2 Kris Letang              Devon Toews                                       40     1   2  2  

Penalty Kill 4 Players Forward 
   Center                   Wing                     Time % Phy DF OF 
 1 Mika Zibanejad           Elias Pettersson         60     1   2  2  
 2 Noah Cates               Derek Ryan               40     1   2  2  

Penalty Kill 4 Players Defense
   Defense                  Defense                  Time % Phy DF OF 
 1 Adam Fox                 Devon Toews              60     1   2  2  
 2 Kris Letang              Rasmus Ristolainen       40     1   2  2  

Penalty Kill - 3 Players Forward 
   Forward                                           Time % Phy DF OF 
 1 Mika Zibanejad                                    60     1   2  2  
 2 Elias Pettersson                                  40     1   2  2  

Penalty Kill - 3 Players Defense
   Defense                  Defense                  Time % Phy DF OF 
 1 Adam Fox                 Devon Toews              60     1   2  2  
 2 Kris Letang              Rasmus Ristolainen       40     1   2  2  

4 vs 4 Forward 
   Center                   Wing                     Time % Phy DF OF 
 1 Mika Zibanejad           William Nylander         60     1   2  2  
 2 Elias Pettersson         Filip Forsberg           40     1   2  2  

4 vs 4 Defense
   Defense                  Defense                  Time % Phy DF OF 
 1 Adam Fox                 Brandon Montour          60     1   2  2  
 2 Kris Letang              Devon Toews              40     1   2  2  

Last Minutes Offensive
   Center                   Left Wing                Right Wing               Defense                  Defense                  
   Mika Zibanejad           Brady Tkachuk            William Nylander         Adam Fox                 Brandon Montour          

Last Minutes Defensive
   Center                   Left Wing                Right Wing               Defense                  Defense                  
   Mika Zibanejad           Brady Tkachuk            William Nylander         Adam Fox                 Brandon Montour          

Goaltenders
Starting : Alexandar Georgiev       
Backup : Alex Lyon                

Extra Forwards
Normal : Nazem Kadri, David Perron, Travis Konecny - PP : Nazem Kadri, David Perron - PK : Nazem Kadri
Extra Defensemen
Normal : Devon Toews, Rasmus Ristolainen, Niko Mikkola - PP : Devon Toews - PK : Devon Toews, Rasmus Ristolainen
Penalty Shots
Mika Zibanejad, Elias Pettersson, William Nylander, Brady Tkachuk, Nazem Kadri

Scratches
None

PITTSBURGH Penguins

5 vs 5 Forward 
   Center                   Left Wing                Right Wing               Time % Phy DF OF 
 1 Evgeni Malkin            Jason Robertson          Jordan Kyrou             34     1   1  3  
 2 Jordan Staal             Jake Guentzel            Patrik Laine             30     1   1  3  
 3 Barclay Goodrow          Tanner Pearson           Jesse Puljujarvi         24     1   1  3  
 4 Gabriel Vilardi          Alexander Volkov         Yakov Trenin             12     1   3  1  

5 vs 5 Defense 
   Defense                  Defense                                           Time % Phy DF OF 
 1 Thomas Chabot            Brandon Carlo                                     38     1   1  3  
 2 Connor Clifton           Adam Pelech                                       36     1   3  1  
 3 Nate Schmidt             Robert Bortuzzo                                   26     1   4  0  
 4 Thomas Chabot            Adam Pelech                                       0      1   4  0  

PowerPlay Forward 
   Center                   Left Wing                Right Wing               Time % Phy DF OF 
 1 Evgeni Malkin            Jason Robertson          Jake Guentzel            65     0   0  5  
 2 Barclay Goodrow          Jordan Kyrou             Tanner Pearson           35     0   1  4  

PowerPlay Defense
   Defense                  Defense                                           Time % Phy DF OF 
 1 Patrik Laine             Thomas Chabot                                     65     0   0  5  
 2 Adam Pelech              Nate Schmidt                                      35     0   1  4  

Penalty Kill 4 Players Forward 
   Center                   Wing                     Time % Phy DF OF 
 1 Evgeni Malkin            Jason Robertson          60     1   4  0  
 2 Barclay Goodrow          Jake Guentzel            40     0   5  0  

Penalty Kill 4 Players Defense
   Defense                  Defense                  Time % Phy DF OF 
 1 Nate Schmidt             Thomas Chabot            60     1   4  0  
 2 Brandon Carlo            Adam Pelech              40     1   4  0  

Penalty Kill - 3 Players Forward 
   Forward                                           Time % Phy DF OF 
 1 Jason Robertson                                   50     0   5  0  
 2 Barclay Goodrow                                   50     0   5  0  

Penalty Kill - 3 Players Defense
   Defense                  Defense                  Time % Phy DF OF 
 1 Thomas Chabot            Nate Schmidt             70     1   4  0  
 2 Brandon Carlo            Adam Pelech              30     1   4  0  

4 vs 4 Forward 
   Center                   Wing                     Time % Phy DF OF 
 1 Patrik Laine             Jason Robertson          60     0   2  3  
 2 Evgeni Malkin            Jake Guentzel            40     0   2  3  

4 vs 4 Defense
   Defense                  Defense                  Time % Phy DF OF 
 1 Thomas Chabot            Adam Pelech              58     1   2  2  
 2 Nate Schmidt             Connor Clifton           42     1   2  2  

Last Minutes Offensive
   Center                   Left Wing                Right Wing               Defense                  Defense                  
   Jordan Kyrou             Evgeni Malkin            Jason Robertson          Nate Schmidt             Thomas Chabot            

Last Minutes Defensive
   Center                   Left Wing                Right Wing               Defense                  Defense                  
   Jordan Kyrou             Barclay Goodrow          Yakov Trenin             Adam Pelech              Brandon Carlo            

Goaltenders
Starting : Cam Talbot               
Backup : Elvis Merzlikins         

Extra Forwards
Normal : Patrik Laine, Evgeni Malkin, Barclay Goodrow - PP : Patrik Laine, Evgeni Malkin - PK : Patrik Laine
Extra Defensemen
Normal : Nate Schmidt, Adam Pelech, Thomas Chabot - PP : Nate Schmidt - PK : Nate Schmidt, Adam Pelech
Penalty Shots
Jason Robertson, Evgeni Malkin, Jake Guentzel, Barclay Goodrow, Patrik Laine

Scratches
None


% Time on Ice - CAROLINA Hurricanes

Lines # - Real PCT - Wanted PCT - Time Play
Normal Forward
1 - 32% - 40% - 13:49
2 - 26% - 30% - 10:58
3 - 26% - 20% - 10:54
4 - 16% - 10% - 7:00
Normal Defense
1 - 35% - 40% - 15:05
2 - 29% - 30% - 12:21
3 - 35% - 20% - 15:08
4 - 0% - 10% - 0:07
PP Forward
1 - 54% - 60% - 6:40
2 - 46% - 40% - 5:35
PP Defense
1 - 50% - 60% - 6:06
2 - 50% - 40% - 6:09
PK Forward
1 - 81% - 60% - 4:07
2 - 19% - 40% - 0:57
PK Defense
1 - 50% - 60% - 2:31
2 - 50% - 40% - 2:33
PK3 Forward
1 - 0% - 60%
2 - 0% - 40%
PK3 Defense
1 - 0% - 60%
2 - 0% - 40%
44 Forward
1 - 0% - 60%
2 - 0% - 40%
44 Defense
1 - 0% - 60%
2 - 0% - 40%
Last Minute Offensive  - 0:00
Last Minute Defensive  - 0:00
Total
Forward - 60:00
Defense - 60:00

% Time on Ice - PITTSBURGH Penguins

Lines # - Real PCT - Wanted PCT - Time Play
Normal Forward
1 - 33% - 34% - 13:53
2 - 30% - 30% - 12:42
3 - 21% - 24% - 8:55
4 - 17% - 12% - 7:11
Normal Defense
1 - 36% - 38% - 15:20
2 - 33% - 36% - 13:56
3 - 29% - 26% - 12:22
4 - 2% - 0% - 1:03
PP Forward
1 - 54% - 65% - 2:45
2 - 46% - 35% - 2:19
PP Defense
1 - 45% - 65% - 2:17
2 - 55% - 35% - 2:47
PK Forward
1 - 67% - 60% - 8:15
2 - 33% - 40% - 4:00
PK Defense
1 - 47% - 60% - 5:47
2 - 53% - 40% - 6:28
PK3 Forward
1 - 0% - 50%
2 - 0% - 50%
PK3 Defense
1 - 0% - 70%
2 - 0% - 30%
44 Forward
1 - 0% - 60%
2 - 0% - 40%
44 Defense
1 - 0% - 58%
2 - 0% - 42%
Last Minute Offensive  - 0:00
Last Minute Defensive  - 0:00
Total
Forward - 60:00
Defense - 60:00

Play-by-Play

1st period


0:01 of 1st period - Evgeni Malkin wins face-off versus Mika Zibanejad in neutral zone.
1:05 of 1st period - Thomas Chabot is hit by Devon Toews and loses puck.
1:22 of 1st period - Shot by Brady Tkachuk.
1:22 of 1st period - Goal by Brady Tkachuk - CAROLINA Hurricanes : 1 - PITTSBURGH Penguins : 0.
1:23 of 1st period - Jesse Puljujarvi wins face-off versus Blake Lizotte in neutral zone.
1:35 of 1st period - Rasmus Ristolainen is hit by Robert Bortuzzo and loses puck.
1:42 of 1st period - Shot by Filip Forsberg.
1:42 of 1st period - Stopped by Cam Talbot without a rebound.
1:43 of 1st period - Derek Ryan wins face-off versus Jordan Staal in PITTSBURGH Penguins zone.
2:37 of 1st period - Icing by Connor Clifton.
2:38 of 1st period - Jake Guentzel wins face-off versus Nazem Kadri in PITTSBURGH Penguins zone.
2:38 of 1st period - Jake Guentzel is hit by Travis Konecny.
2:41 of 1st period - Connor Clifton is hit by Travis Konecny and loses puck.
2:53 of 1st period - Off-side.
2:54 of 1st period - Blake Lizotte wins face-off versus Yakov Trenin in neutral zone.
3:05 of 1st period - Gabriel Vilardi is hit by Blake Lizotte and loses puck.
3:13 of 1st period - Minor Penalty to Gabriel Vilardi for Slashing.
3:14 of 1st period - Evgeni Malkin wins face-off versus Mika Zibanejad in PITTSBURGH Penguins zone.
3:43 of 1st period - Shot by Devon Toews.
3:43 of 1st period - Stopped by Cam Talbot without a rebound.
3:44 of 1st period - Barclay Goodrow wins face-off versus Elias Pettersson in PITTSBURGH Penguins zone.
4:09 of 1st period - Shot by Brandon Montour.
4:09 of 1st period - Deflect By Elias Pettersson.
4:09 of 1st period - Stopped by Cam Talbot with a rebound.
4:51 of 1st period - Shot by Mika Zibanejad.
4:51 of 1st period - Stopped by Cam Talbot without a rebound.
4:52 of 1st period - Mika Zibanejad wins face-off versus Evgeni Malkin in PITTSBURGH Penguins zone.
5:09 of 1st period - Shot by Mika Zibanejad.
5:09 of 1st period - Stopped by Cam Talbot without a rebound.
5:10 of 1st period - Evgeni Malkin wins face-off versus Elias Pettersson in PITTSBURGH Penguins zone.
5:14 of 1st period - Adam Pelech is hit by Rasmus Ristolainen.
5:16 of 1st period - Shot by Gabriel Vilardi.
5:16 of 1st period - Shot Blocked by Rasmus Ristolainen.
5:48 of 1st period - Shot by Gabriel Vilardi.
5:48 of 1st period - Shot Misses the Net.
5:50 of 1st period - Shot by Connor Clifton.
5:50 of 1st period - Stopped by Alexandar Georgiev without a rebound.
5:51 of 1st period - Mika Zibanejad wins face-off versus Evgeni Malkin in CAROLINA Hurricanes zone.
5:58 of 1st period - Icing by Evgeni Malkin.
5:59 of 1st period - Evgeni Malkin wins face-off versus Mika Zibanejad in PITTSBURGH Penguins zone.
5:59 of 1st period - Evgeni Malkin is hit by Mika Zibanejad.
6:15 of 1st period - Shot by Evgeni Malkin.
6:15 of 1st period - Goal by Evgeni Malkin - CAROLINA Hurricanes : 1 - PITTSBURGH Penguins : 1.
6:16 of 1st period - Brady Tkachuk wins face-off versus Barclay Goodrow in neutral zone.
7:23 of 1st period - Shot by William Nylander.
7:23 of 1st period - Deflect By Mika Zibanejad.
7:23 of 1st period - Stopped by Cam Talbot without a rebound.
7:24 of 1st period - Evgeni Malkin wins face-off versus Blake Lizotte in PITTSBURGH Penguins zone.
7:51 of 1st period - Evgeni Malkin is hit by Blake Lizotte and loses puck.
8:32 of 1st period - Shot by Jake Guentzel.
8:32 of 1st period - Deflect By Patrik Laine.
8:32 of 1st period - Shot Misses the Net.
9:38 of 1st period - Shot by Barclay Goodrow.
9:38 of 1st period - Stopped by Alexandar Georgiev without a rebound.
9:39 of 1st period - Nazem Kadri wins face-off versus Evgeni Malkin in CAROLINA Hurricanes zone.
10:11 of 1st period - Icing by Brandon Carlo.
10:12 of 1st period - Evgeni Malkin wins face-off versus Blake Lizotte in PITTSBURGH Penguins zone.
10:14 of 1st period - Minor Penalty to Blake Lizotte for Slashing.
10:15 of 1st period - Barclay Goodrow wins face-off versus Mika Zibanejad in CAROLINA Hurricanes zone.
10:34 of 1st period - Shot by Adam Pelech.
10:34 of 1st period - Shot Misses the Net.
10:36 of 1st period - Shot by Adam Pelech.
10:36 of 1st period - Shot Misses the Net.
11:32 of 1st period - Shot by Jason Robertson.
11:32 of 1st period - Stopped by Alexandar Georgiev with a rebound.
12:00 of 1st period - Icing by Adam Pelech.
12:01 of 1st period - Barclay Goodrow wins face-off versus Mika Zibanejad in PITTSBURGH Penguins zone.
12:01 of 1st period - Barclay Goodrow is hit by Rasmus Ristolainen.
12:04 of 1st period - Icing by Tanner Pearson.
12:05 of 1st period - Barclay Goodrow wins face-off versus Noah Cates in PITTSBURGH Penguins zone.
12:56 of 1st period - Shot by Blake Lizotte.
12:56 of 1st period - Deflect By Filip Forsberg.
12:56 of 1st period - Shot Misses the Net.
13:09 of 1st period - Icing by Rasmus Ristolainen.
13:10 of 1st period - Jordan Staal wins face-off versus Blake Lizotte in CAROLINA Hurricanes zone.
13:11 of 1st period - Shot by Jake Guentzel.
13:11 of 1st period - Stopped by Alexandar Georgiev with a rebound.
13:39 of 1st period - Shot by Mika Zibanejad.
13:39 of 1st period - Deflect By William Nylander.
13:39 of 1st period - Shot Misses the Net.
13:50 of 1st period - Icing by Adam Pelech.
13:51 of 1st period - Jordan Staal wins face-off versus Nazem Kadri in PITTSBURGH Penguins zone.
15:24 of 1st period - Shot by Mika Zibanejad.
15:24 of 1st period - Goal by Mika Zibanejad - CAROLINA Hurricanes : 2 - PITTSBURGH Penguins : 1.
15:25 of 1st period - Blake Lizotte wins face-off versus Barclay Goodrow in neutral zone.
16:38 of 1st period - Rasmus Ristolainen is hit by Jake Guentzel and loses puck.
17:04 of 1st period - Icing by Niko Mikkola.
17:05 of 1st period - Blake Lizotte wins face-off versus Gabriel Vilardi in CAROLINA Hurricanes zone.
17:58 of 1st period - Shot by Mika Zibanejad.
17:58 of 1st period - Stopped by Cam Talbot without a rebound.
17:59 of 1st period - Tanner Pearson wins face-off versus Nazem Kadri in PITTSBURGH Penguins zone.
18:06 of 1st period - Kris Letang is hit by Barclay Goodrow and loses puck.
18:55 of 1st period - Jesse Puljujarvi is hit by Brandon Montour and loses puck.
19:14 of 1st period - Shot by Noah Cates.
19:14 of 1st period - Stopped by Cam Talbot without a rebound.
19:15 of 1st period - Mika Zibanejad wins face-off versus Evgeni Malkin in PITTSBURGH Penguins zone.
19:19 of 1st period - Minor Penalty to William Nylander for Tripping.
19:20 of 1st period - Evgeni Malkin wins face-off versus Mika Zibanejad in CAROLINA Hurricanes zone.
19:21 of 1st period - Shot by Adam Pelech.
19:21 of 1st period - Stopped by Alexandar Georgiev with a rebound.
19:47 of 1st period - Shot by Jason Robertson.
19:47 of 1st period - Stopped by Alexandar Georgiev without a rebound.
19:48 of 1st period - Mika Zibanejad wins face-off versus Evgeni Malkin in CAROLINA Hurricanes zone.
Goals for this period are 2 for CAROLINA Hurricanes vs 1 for PITTSBURGH Penguins.
Shots for this period are 10 for CAROLINA Hurricanes vs 7 for PITTSBURGH Penguins.

2nd period


0:01 of 2nd period - Evgeni Malkin wins face-off versus Mika Zibanejad in neutral zone.
0:10 of 2nd period - Shot by Jake Guentzel.
0:10 of 2nd period - Shot Blocked by Devon Toews.
0:24 of 2nd period - Shot by Thomas Chabot.
0:24 of 2nd period - Shot Blocked by Adam Fox.
0:26 of 2nd period - Shot by Jake Guentzel.
0:26 of 2nd period - Shot Misses the Net.
0:28 of 2nd period - Shot by Thomas Chabot.
0:28 of 2nd period - Shot Misses the Net.
0:30 of 2nd period - Shot by Jason Robertson.
0:30 of 2nd period - Shot Misses the Net.
0:32 of 2nd period - Shot by Jason Robertson.
0:32 of 2nd period - Shot Misses the Net.
0:34 of 2nd period - Shot by Thomas Chabot.
0:34 of 2nd period - Shot Blocked by Devon Toews.
0:36 of 2nd period - Shot by Jason Robertson.
0:36 of 2nd period - Shot Misses the Net.
0:38 of 2nd period - Shot by Evgeni Malkin.
0:38 of 2nd period - Shot Hit the Post.
1:10 of 2nd period - Shot by Adam Pelech.
1:10 of 2nd period - Shot Misses the Net.
1:24 of 2nd period - Shot by Yakov Trenin.
1:24 of 2nd period - Stopped by Alexandar Georgiev without a rebound.
1:25 of 2nd period - Travis Konecny wins face-off versus Gabriel Vilardi in CAROLINA Hurricanes zone.
2:01 of 2nd period - Off-side.
2:02 of 2nd period - Derek Ryan wins face-off versus Jason Robertson in neutral zone.
2:12 of 2nd period - Icing by Adam Pelech.
2:13 of 2nd period - Mika Zibanejad wins face-off versus Evgeni Malkin in PITTSBURGH Penguins zone.
2:51 of 2nd period - Icing by Kris Letang.
2:52 of 2nd period - Jake Guentzel wins face-off versus Mika Zibanejad in CAROLINA Hurricanes zone.
2:52 of 2nd period - Jake Guentzel is hit by Kris Letang.
3:22 of 2nd period - Shot by Jordan Staal.
3:22 of 2nd period - Stopped by Alexandar Georgiev without a rebound.
3:23 of 2nd period - Nazem Kadri wins face-off versus Barclay Goodrow in CAROLINA Hurricanes zone.
3:23 of 2nd period - Nazem Kadri is hit by Barclay Goodrow.
3:31 of 2nd period - Shot by Travis Konecny.
3:31 of 2nd period - Stopped by Cam Talbot without a rebound.
3:32 of 2nd period - Evgeni Malkin wins face-off versus Nazem Kadri in PITTSBURGH Penguins zone.
3:43 of 2nd period - Shot by Jordan Kyrou.
3:43 of 2nd period - Shot Misses the Net.
4:26 of 2nd period - Jordan Staal is hit by Brady Tkachuk and loses puck.
5:12 of 2nd period - Shot by Elias Pettersson.
5:12 of 2nd period - Stopped by Cam Talbot without a rebound.
5:13 of 2nd period - Barclay Goodrow wins face-off versus Derek Ryan in PITTSBURGH Penguins zone.
5:13 of 2nd period - Barclay Goodrow is hit by Noah Cates.
5:41 of 2nd period - Shot by Barclay Goodrow.
5:41 of 2nd period - Shot Misses the Net.
5:57 of 2nd period - Shot by Barclay Goodrow.
5:57 of 2nd period - Shot Blocked by Niko Mikkola.
6:40 of 2nd period - Icing by Adam Pelech.
6:41 of 2nd period - Evgeni Malkin wins face-off versus William Nylander in PITTSBURGH Penguins zone.
6:46 of 2nd period - Shot by William Nylander.
6:46 of 2nd period - Shot Misses the Net.
6:48 of 2nd period - Shot by Elias Pettersson.
6:48 of 2nd period - Goal by Elias Pettersson - CAROLINA Hurricanes : 3 - PITTSBURGH Penguins : 1.
6:49 of 2nd period - Jordan Staal wins face-off versus Mika Zibanejad in neutral zone.
6:51 of 2nd period - Thomas Chabot is hit by Brandon Montour and loses puck.
6:54 of 2nd period - Shot by Patrik Laine.
6:54 of 2nd period - Shot Misses the Net.
7:01 of 2nd period - Jake Guentzel is hit by Brandon Montour and loses puck.
7:10 of 2nd period - Shot by Jake Guentzel.
7:10 of 2nd period - Stopped by Alexandar Georgiev with a rebound.
7:19 of 2nd period - Mika Zibanejad is hit by Thomas Chabot and loses puck.
7:25 of 2nd period - Brandon Carlo is hit by Brandon Montour and loses puck.
7:39 of 2nd period - Jake Guentzel is hit by Elias Pettersson.
8:16 of 2nd period - Adam Fox is hit by Connor Clifton.
8:49 of 2nd period - Devon Toews is hit by Barclay Goodrow and loses puck.
9:19 of 2nd period - Devon Toews is hit by Robert Bortuzzo and loses puck.
9:38 of 2nd period - Shot by David Perron.
9:38 of 2nd period - Stopped by Cam Talbot with a rebound.
9:40 of 2nd period - Shot by Filip Forsberg.
9:40 of 2nd period - Shot Blocked by Nate Schmidt.
9:42 of 2nd period - Shot by Rasmus Ristolainen.
9:42 of 2nd period - Shot Blocked by Barclay Goodrow.
9:44 of 2nd period - Shot by Rasmus Ristolainen.
9:44 of 2nd period - Shot Misses the Net.
9:46 of 2nd period - Shot by Niko Mikkola.
9:46 of 2nd period - Shot Misses the Net.
9:52 of 2nd period - Shot by David Perron.
9:52 of 2nd period - Shot Blocked by Barclay Goodrow.
9:55 of 2nd period - Blake Lizotte is hit by Robert Bortuzzo and loses puck.
10:05 of 2nd period - Minor Penalty to Robert Bortuzzo for Interference.
10:06 of 2nd period - Derek Ryan wins face-off versus Evgeni Malkin in PITTSBURGH Penguins zone.
10:19 of 2nd period - Shot by Kris Letang.
10:19 of 2nd period - Shot Misses the Net.
10:55 of 2nd period - Shot by Mika Zibanejad.
10:55 of 2nd period - Stopped by Cam Talbot without a rebound.
10:56 of 2nd period - Evgeni Malkin wins face-off versus Mika Zibanejad in PITTSBURGH Penguins zone.
10:58 of 2nd period - Jason Robertson is hit by Brady Tkachuk and loses puck.
11:03 of 2nd period - Shot by Adam Fox.
11:03 of 2nd period - Stopped by Cam Talbot with a rebound.
11:05 of 2nd period - Shot by Adam Fox.
11:05 of 2nd period - Stopped by Cam Talbot without a rebound.
11:06 of 2nd period - Mika Zibanejad wins face-off versus Evgeni Malkin in PITTSBURGH Penguins zone.
11:07 of 2nd period - Shot by Adam Fox.
11:07 of 2nd period - Shot Blocked by Brandon Carlo.
11:13 of 2nd period - Shot by Brandon Montour.
11:13 of 2nd period - Shot Blocked by Brandon Carlo.
12:01 of 2nd period - Shot by Travis Konecny.
12:01 of 2nd period - Stopped by Cam Talbot without a rebound.
12:02 of 2nd period - Elias Pettersson wins face-off versus Evgeni Malkin in PITTSBURGH Penguins zone.
12:22 of 2nd period - Icing by Connor Clifton.
12:23 of 2nd period - Jordan Staal wins face-off versus Nazem Kadri in PITTSBURGH Penguins zone.
12:52 of 2nd period - Shot by Jake Guentzel.
12:52 of 2nd period - Shot Misses the Net.
13:16 of 2nd period - Shot by Elias Pettersson.
13:16 of 2nd period - Shot Misses the Net.
13:20 of 2nd period - Shot by Elias Pettersson.
13:20 of 2nd period - Shot Misses the Net.
13:22 of 2nd period - Shot by Elias Pettersson.
13:22 of 2nd period - Stopped by Cam Talbot without a rebound.
13:23 of 2nd period - Evgeni Malkin wins face-off versus Blake Lizotte in PITTSBURGH Penguins zone.
13:23 of 2nd period - Evgeni Malkin is hit by Filip Forsberg.
13:39 of 2nd period - Shot by Evgeni Malkin.
13:39 of 2nd period - Shot Misses the Net.
14:06 of 2nd period - Nate Schmidt is hit by Blake Lizotte and loses puck.
14:14 of 2nd period - Icing by Nate Schmidt.
14:15 of 2nd period - Mika Zibanejad wins face-off versus Evgeni Malkin in PITTSBURGH Penguins zone.
14:32 of 2nd period - Shot by Mika Zibanejad.
14:32 of 2nd period - Shot Blocked by Thomas Chabot.
15:22 of 2nd period - Icing by Jake Guentzel.
15:23 of 2nd period - Jordan Staal wins face-off versus Nazem Kadri in PITTSBURGH Penguins zone.
15:27 of 2nd period - Thomas Chabot is hit by Devon Toews and loses puck.
15:58 of 2nd period - Shot by Nazem Kadri.
15:58 of 2nd period - Stopped by Cam Talbot without a rebound.
15:59 of 2nd period - Evgeni Malkin wins face-off versus David Perron in PITTSBURGH Penguins zone.
16:29 of 2nd period - Shot by Filip Forsberg.
16:29 of 2nd period - Shot Blocked by Adam Pelech.
17:06 of 2nd period - Shot by Barclay Goodrow.
17:06 of 2nd period - Deflect By Jesse Puljujarvi.
17:06 of 2nd period - Shot Blocked by Niko Mikkola.
17:08 of 2nd period - Shot by Tanner Pearson.
17:08 of 2nd period - Shot Misses the Net.
17:10 of 2nd period - Shot by Robert Bortuzzo.
17:10 of 2nd period - Shot Misses the Net.
17:12 of 2nd period - Shot by Jesse Puljujarvi.
17:12 of 2nd period - Deflect By Tanner Pearson.
17:12 of 2nd period - Stopped by Alexandar Georgiev with a rebound.
17:14 of 2nd period - Shot by Tanner Pearson.
17:14 of 2nd period - Deflect By Jesse Puljujarvi.
17:14 of 2nd period - Shot Misses the Net.
17:16 of 2nd period - Shot by Nate Schmidt.
17:16 of 2nd period - Shot Blocked by Blake Lizotte.
17:32 of 2nd period - Shot by Tanner Pearson.
17:32 of 2nd period - Shot Misses the Net.
17:47 of 2nd period - Icing by Brandon Carlo.
17:48 of 2nd period - Mika Zibanejad wins face-off versus Gabriel Vilardi in PITTSBURGH Penguins zone.
18:11 of 2nd period - Shot by Mika Zibanejad.
18:11 of 2nd period - Stopped by Cam Talbot with a rebound.
18:19 of 2nd period - Shot by Elias Pettersson.
18:19 of 2nd period - Stopped by Cam Talbot without a rebound.
18:20 of 2nd period - Nazem Kadri wins face-off versus Evgeni Malkin in PITTSBURGH Penguins zone.
18:44 of 2nd period - Icing by Kris Letang.
18:45 of 2nd period - Jordan Staal wins face-off versus Nazem Kadri in CAROLINA Hurricanes zone.
19:12 of 2nd period - Shot by Jake Guentzel.
19:12 of 2nd period - Stopped by Alexandar Georgiev without a rebound.
19:13 of 2nd period - Evgeni Malkin wins face-off versus Mika Zibanejad in CAROLINA Hurricanes zone.
19:16 of 2nd period - Shot by Jordan Kyrou.
19:16 of 2nd period - Stopped by Alexandar Georgiev without a rebound.
19:17 of 2nd period - Mika Zibanejad wins face-off versus Evgeni Malkin in CAROLINA Hurricanes zone.
19:17 of 2nd period - Mika Zibanejad is hit by Evgeni Malkin.
19:20 of 2nd period - Minor Penalty to William Nylander for Tripping.
19:21 of 2nd period - Mika Zibanejad wins face-off versus Evgeni Malkin in CAROLINA Hurricanes zone.
19:21 of 2nd period - Mika Zibanejad is hit by Jake Guentzel.
19:37 of 2nd period - Shot by Thomas Chabot.
19:37 of 2nd period - Shot Misses the Net.
19:41 of 2nd period - Shot by Patrik Laine.
19:41 of 2nd period - Shot Misses the Net.
19:43 of 2nd period - Shot by Patrik Laine.
19:43 of 2nd period - Deflect By Jason Robertson.
19:43 of 2nd period - Shot Misses the Net.
19:45 of 2nd period - Shot by Thomas Chabot.
19:45 of 2nd period - Stopped by Alexandar Georgiev without a rebound.
19:46 of 2nd period - Jordan Kyrou wins face-off versus Mika Zibanejad in CAROLINA Hurricanes zone.
19:49 of 2nd period - Shot by Barclay Goodrow.
19:49 of 2nd period - Stopped by Alexandar Georgiev with a rebound.
19:51 of 2nd period - Shot by Barclay Goodrow.
19:51 of 2nd period - Shot Misses the Net.
19:53 of 2nd period - Shot by Nate Schmidt.
19:53 of 2nd period - Deflect By Jordan Kyrou.
19:53 of 2nd period - Stopped by Alexandar Georgiev with a rebound.
19:55 of 2nd period - Shot by Barclay Goodrow.
19:55 of 2nd period - Shot Misses the Net.
19:57 of 2nd period - Shot by Jordan Kyrou.
19:57 of 2nd period - Goal by Jordan Kyrou - CAROLINA Hurricanes : 3 - PITTSBURGH Penguins : 2.
19:58 of 2nd period - Nazem Kadri wins face-off versus Jordan Staal in neutral zone.
19:58 of 2nd period - Minor Penalty to Patrik Laine for Delaying the game.
19:59 of 2nd period - Mika Zibanejad wins face-off versus Evgeni Malkin in PITTSBURGH Penguins zone.
Goals for this period are 1 for CAROLINA Hurricanes vs 1 for PITTSBURGH Penguins.
Shots for this period are 12 for CAROLINA Hurricanes vs 10 for PITTSBURGH Penguins.

3rd period


0:01 of 3rd period - Mika Zibanejad wins face-off versus Evgeni Malkin in neutral zone.
0:01 of 3rd period - Mika Zibanejad is hit by Evgeni Malkin.
0:09 of 3rd period - Shot by Adam Fox.
0:09 of 3rd period - Shot Misses the Net.
1:46 of 3rd period - Shot by Adam Fox.
1:46 of 3rd period - Stopped by Cam Talbot without a rebound.
1:47 of 3rd period - Barclay Goodrow wins face-off versus Mika Zibanejad in PITTSBURGH Penguins zone.
1:47 of 3rd period - Barclay Goodrow is hit by Brady Tkachuk.
2:23 of 3rd period - Icing by Adam Pelech.
2:24 of 3rd period - Gabriel Vilardi wins face-off versus Filip Forsberg in PITTSBURGH Penguins zone.
3:15 of 3rd period - Thomas Chabot is hit by Brandon Montour and loses puck.
3:29 of 3rd period - Shot by Patrik Laine.
3:29 of 3rd period - Stopped by Alexandar Georgiev with a rebound.
3:50 of 3rd period - Shot by Mika Zibanejad.
3:50 of 3rd period - Goal by Mika Zibanejad - CAROLINA Hurricanes : 4 - PITTSBURGH Penguins : 2.
3:51 of 3rd period - Nazem Kadri wins face-off versus Evgeni Malkin in neutral zone.
4:10 of 3rd period - Shot by Evgeni Malkin.
4:10 of 3rd period - Deflect By Jason Robertson.
4:10 of 3rd period - Shot Misses the Net.
4:12 of 3rd period - Shot by Jordan Kyrou.
4:12 of 3rd period - Stopped by Alexandar Georgiev with a rebound.
4:14 of 3rd period - Shot by Jordan Kyrou.
4:14 of 3rd period - Shot Misses the Net.
4:16 of 3rd period - Shot by Jordan Kyrou.
4:16 of 3rd period - Shot Misses the Net.
4:18 of 3rd period - Shot by Jason Robertson.
4:18 of 3rd period - Stopped by Alexandar Georgiev with a rebound.
4:20 of 3rd period - Shot by Evgeni Malkin.
4:20 of 3rd period - Shot Misses the Net.
4:22 of 3rd period - Shot by Robert Bortuzzo.
4:22 of 3rd period - Shot Misses the Net.
4:26 of 3rd period - Shot by Jordan Kyrou.
4:26 of 3rd period - Stopped by Alexandar Georgiev with a rebound.
4:30 of 3rd period - Shot by Jason Robertson.
4:30 of 3rd period - Shot Misses the Net.
4:32 of 3rd period - Shot by Nate Schmidt.
4:32 of 3rd period - Shot Misses the Net.
4:53 of 3rd period - Minor Penalty to Adam Pelech for High sticking.
4:54 of 3rd period - Mika Zibanejad wins face-off versus Evgeni Malkin in PITTSBURGH Penguins zone.
5:25 of 3rd period - Shot by William Nylander.
5:25 of 3rd period - Stopped by Cam Talbot without a rebound.
5:26 of 3rd period - Evgeni Malkin wins face-off versus Elias Pettersson in PITTSBURGH Penguins zone.
5:45 of 3rd period - Jason Robertson is hit by Travis Konecny and loses puck.
6:36 of 3rd period - Shot by Brandon Montour.
6:36 of 3rd period - Stopped by Cam Talbot without a rebound.
6:37 of 3rd period - Evgeni Malkin wins face-off versus Mika Zibanejad in PITTSBURGH Penguins zone.
6:53 of 3rd period - William Nylander is hit by Thomas Chabot and loses puck.
7:30 of 3rd period - Adam Pelech is hit by Niko Mikkola and loses puck.
7:58 of 3rd period - Icing by Blake Lizotte.
7:59 of 3rd period - Blake Lizotte wins face-off versus Jordan Staal in CAROLINA Hurricanes zone.
8:15 of 3rd period - Off-side.
8:16 of 3rd period - Evgeni Malkin wins face-off versus Mika Zibanejad in neutral zone.
8:23 of 3rd period - Shot by Evgeni Malkin.
8:23 of 3rd period - Stopped by Alexandar Georgiev with a rebound.
8:51 of 3rd period - Shot by Elias Pettersson.
8:51 of 3rd period - Shot Misses the Net.
9:08 of 3rd period - Minor Penalty to Jordan Staal for Hooking.
9:09 of 3rd period - Elias Pettersson wins face-off versus Barclay Goodrow in PITTSBURGH Penguins zone.
9:14 of 3rd period - Shot by Travis Konecny.
9:14 of 3rd period - Stopped by Cam Talbot without a rebound.
9:15 of 3rd period - Evgeni Malkin wins face-off versus Elias Pettersson in PITTSBURGH Penguins zone.
9:20 of 3rd period - Elias Pettersson is hit by Evgeni Malkin and loses puck.
10:42 of 3rd period - Shot by Brandon Montour.
10:42 of 3rd period - Stopped by Cam Talbot without a rebound.
10:43 of 3rd period - Mika Zibanejad wins face-off versus Barclay Goodrow in PITTSBURGH Penguins zone.
10:54 of 3rd period - Shot by Adam Fox.
10:54 of 3rd period - Stopped by Cam Talbot without a rebound.
10:55 of 3rd period - Mika Zibanejad wins face-off versus Evgeni Malkin in PITTSBURGH Penguins zone.
12:27 of 3rd period - Minor Penalty to Brandon Carlo for Slashing.
12:28 of 3rd period - Evgeni Malkin wins face-off versus Mika Zibanejad in PITTSBURGH Penguins zone.
12:35 of 3rd period - William Nylander is hit by Jason Robertson and loses puck.
13:02 of 3rd period - Shot by William Nylander.
13:02 of 3rd period - Stopped by Cam Talbot with a rebound.
13:06 of 3rd period - Shot by Brandon Montour.
13:06 of 3rd period - Stopped by Cam Talbot without a rebound.
13:07 of 3rd period - Elias Pettersson wins face-off versus Evgeni Malkin in PITTSBURGH Penguins zone.
13:42 of 3rd period - Shot by Elias Pettersson.
13:42 of 3rd period - Shot Blocked by Adam Pelech.
13:46 of 3rd period - Shot by Filip Forsberg.
13:46 of 3rd period - Stopped by Cam Talbot without a rebound.
13:47 of 3rd period - Mika Zibanejad wins face-off versus Barclay Goodrow in PITTSBURGH Penguins zone.
14:12 of 3rd period - Shot by Mika Zibanejad.
14:12 of 3rd period - Stopped by Cam Talbot with a rebound.
14:14 of 3rd period - Shot by Brady Tkachuk.
14:14 of 3rd period - Stopped by Cam Talbot without a rebound.
14:15 of 3rd period - Evgeni Malkin wins face-off versus Elias Pettersson in PITTSBURGH Penguins zone.
14:30 of 3rd period - Shot by Evgeny Svechnikov.
14:30 of 3rd period - Deflect By Derek Ryan.
14:30 of 3rd period - Shot Misses the Net.
14:32 of 3rd period - Shot by Noah Cates.
14:32 of 3rd period - Stopped by Cam Talbot without a rebound.
14:33 of 3rd period - Derek Ryan wins face-off versus Gabriel Vilardi in PITTSBURGH Penguins zone.
15:14 of 3rd period - Minor Penalty to Thomas Chabot for High sticking.
15:15 of 3rd period - Evgeni Malkin wins face-off versus Mika Zibanejad in PITTSBURGH Penguins zone.
15:33 of 3rd period - Shot by Devon Toews.
15:33 of 3rd period - Shot Misses the Net.
15:35 of 3rd period - Shot by Devon Toews.
15:35 of 3rd period - Deflect By William Nylander.
15:35 of 3rd period - Goal by William Nylander - CAROLINA Hurricanes : 5 - PITTSBURGH Penguins : 2.
15:36 of 3rd period - Jordan Staal wins face-off versus Blake Lizotte in neutral zone.
15:49 of 3rd period - Shot by Patrik Laine.
15:49 of 3rd period - Shot Misses the Net.
16:02 of 3rd period - Icing by Niko Mikkola.
16:03 of 3rd period - Blake Lizotte wins face-off versus Evgeni Malkin in CAROLINA Hurricanes zone.
16:13 of 3rd period - Jordan Kyrou is hit by Rasmus Ristolainen and loses puck.
16:20 of 3rd period - Shot by Evgeni Malkin.
16:20 of 3rd period - Shot Misses the Net.
16:24 of 3rd period - Shot by Jordan Kyrou.
16:24 of 3rd period - Shot Misses the Net.
17:12 of 3rd period - Nate Schmidt is hit by Elias Pettersson and loses puck.
17:30 of 3rd period - Off-side.
17:31 of 3rd period - Nazem Kadri wins face-off versus Jordan Staal in neutral zone.
17:40 of 3rd period - Shot by Travis Konecny.
17:40 of 3rd period - Shot Blocked by Adam Pelech.
17:42 of 3rd period - Shot by Devon Toews.
17:42 of 3rd period - Shot Misses the Net.
17:46 of 3rd period - Shot by Brady Tkachuk.
17:46 of 3rd period - Deflect By Nazem Kadri.
17:46 of 3rd period - Stopped by Cam Talbot with a rebound.
17:48 of 3rd period - Shot by Brady Tkachuk.
17:48 of 3rd period - The goal is going for a video replay.
17:48 of 3rd period - The goal is good.
17:48 of 3rd period - Goal by Brady Tkachuk - CAROLINA Hurricanes : 6 - PITTSBURGH Penguins : 2.
17:49 of 3rd period - Derek Ryan wins face-off versus Gabriel Vilardi in neutral zone.
18:00 of 3rd period - Shot by Noah Cates.
18:00 of 3rd period - Shot Misses the Net.
18:02 of 3rd period - Shot by Devon Toews.
18:02 of 3rd period - Shot Misses the Net.
18:04 of 3rd period - Shot by Derek Ryan.
18:04 of 3rd period - Stopped by Cam Talbot without a rebound.
18:05 of 3rd period - Mika Zibanejad wins face-off versus Patrik Laine in PITTSBURGH Penguins zone.
18:08 of 3rd period - Shot by Mika Zibanejad.
18:08 of 3rd period - Shot Misses the Net.
18:10 of 3rd period - Shot by Elias Pettersson.
18:10 of 3rd period - Stopped by Cam Talbot without a rebound.
18:11 of 3rd period - Mika Zibanejad wins face-off versus Evgeni Malkin in PITTSBURGH Penguins zone.
18:29 of 3rd period - Jason Robertson is hit by Brandon Montour and loses puck.
18:40 of 3rd period - Shot by Jason Robertson.
18:40 of 3rd period - Stopped by Alexandar Georgiev with a rebound.
18:44 of 3rd period - Shot by Jordan Kyrou.
18:44 of 3rd period - Shot Misses the Net.
19:21 of 3rd period - Adam Pelech is hit by Kris Letang.
19:27 of 3rd period - Shot by Connor Clifton.
19:27 of 3rd period - Shot Misses the Net.
19:30 of 3rd period - Double Minor Penalty to Kris Letang for Slashing.
19:31 of 3rd period - Barclay Goodrow wins face-off versus Mika Zibanejad in CAROLINA Hurricanes zone.
Goals for this period are 3 for CAROLINA Hurricanes vs 0 for PITTSBURGH Penguins.
Shots for this period are 18 for CAROLINA Hurricanes vs 6 for PITTSBURGH Penguins. Output by the SimonT Hockey Simulator (STHS) for Martin Benoit - Original Page W3C HTML5 Valid
Hockey Simulator - Hockey Simulation - Hockey Manager